 Dungeon Crawl Stone Soup version 0.30-a0-737-gf23d94013f (webtiles) character file.

Game seed: 7700350531175477527

462 junb69 the Changer (level 7, 0/51 HPs)
             Began as an Octopode Transmuter on Feb 2, 2023.
             Was an Initiate of Ashenzari.
             Slain by a shadow imp (2 damage)
             ... on level 5 of the Dungeon.
             The game lasted 00:10:03 (3916 turns).

junb69 the Changer (Octopode Transmuter)            Turns: 3916, Time: 00:10:03

Health: 0/51       AC:  6    Str:  9    XL:     7   Next: 7%
Magic:  3/10       EV: 10    Int: 18    God:    Ashenzari [......]
Gold:   215        SH:  0    Dex: 12    Spells: 5/10 levels left

rFire   x . .      SeeInvis +      - Unarmed
rCold   + + +      Faith    .    (shield currently unavailable)
rNeg    . . .      Spirit   .    (helmet currently unavailable)
rPois   +          Reflect  .    (no amulet)
rElec   .          Harm     .    o - ring of the Sidereal Seer {SInv, Elem, Bglg} (curse)
rCorr   .          Rampage  .    (no ring)
Will    .....                    (no ring)
Stlth   +                        (no ring)
HPRegen 0.28/turn                (no ring)
MPRegen 0.12/turn                (no ring)
                                 (no ring)
                                 (no ring)

@: ice-form
A: freezing attack, boosted hp, almost no armour, amphibious, 8 rings, large,
(camouflage 1), (gelatinous body 1), (nimble swimmer 1), (tentacles), subdued
magic 1
a: End Transformation, Renounce Religion, Shatter the Chains


You were on level 5 of the Dungeon.
You worshipped Ashenzari.
Ashenzari was noncommittal.
You were a creature of crystalline ice.
You visited 2 branches of the dungeon, and saw 6 of its levels.

You collected 215 gold pieces.

Inventory:

Jewellery
 o - the cursed ring of the Sidereal Seer (left front paw) {SInv, Elem, Bglg}
   (You found it on level 4 of the Dungeon)

   [ring of see invisible]

   SInv:      It lets you see invisible.
   It has a curse which improves the following skills: Elements: Fire Magic, Ice
   Magic, Air Magic and Earth Magic.
   Beguiling: Conjurations, Hexes and Translocations.
Wands
 l - a wand of flame (9)
 r - a wand of paralysis (7)
Scrolls
 b - 2 scrolls of amnesia {unknown}
 e - 3 scrolls of teleportation
 f - 7 scrolls of identify {unknown}
 j - a scroll of summoning {unknown}
 k - 2 scrolls of poison {unknown}
 m - a scroll of vulnerability {unknown}
 q - a scroll of enchant weapon {unknown}
Potions
 a - 2 potions of lignification
 c - 2 potions of might {unknown}
 d - 2 potions of curing {unknown}
 g - a potion of flight {unknown}
 h - a potion of ambrosia {unknown}
 i - 3 potions of attraction {unknown}
 n - 3 potions of brilliance {unknown}
 p - a potion of heal wounds {unknown}


   Skills:
 - Level 1.0 Fighting
 - Level 2.0 Dodging
 - Level 4.1 Unarmed Combat
 - Level 2.0 Spellcasting
 * Level 5.2 Transmutations
 - Level 4.0(4.4) Ice Magic


You had 5 spell levels left.
You knew the following spells:

 Your Spells              Type           Power      Damage    Failure   Level
a - Beastly Appendage     Tmut           30%        N/A       1%          1
b - Ice Form              Ice/Tmut       14%        N/A       21%         4

Your spell library contained the following spells:

 Spells                   Type           Power      Damage    Failure   Level
 Wereblood                Tmut           15%        N/A       2%          2
 Spider Form              Tmut/Pois      8%         N/A       16%         3


Dungeon Overview and Level Annotations

Branches:
Dungeon (5/15)             Temple (1/1) D:4

Altars:
Ashenzari
Cheibriados
Dithmenos
Elyvilon
Gozag
Hepliaklqana
Kikubaaqudgha
Okawaru
Sif Muna
Trog
Uskayaw
Vehumet
Yredelemnul
Zin
The Shining One

Annotations:
D:3 Sigmund


Innate Abilities, Weirdness & Mutations

You are a creature of crystalline ice.
You have a powerful freezing melee attack.
Your maximum health is increased.
Your armour is entirely melded.
You are incapable of wielding weapons or throwing items.
You cannot wear most types of armour.
You are amphibious.
You can wear up to eight rings at the same time.
((Your skin changes colour to match your surroundings (Stealth+).))
((Your rubbery body absorbs attacks. (AC +1, EV +1)))
((You are camouflaged when in or above water. (Stealth+)))
((You have tentacles for arms and can constrict up to eight enemies at once.))
Your spells are a little easier to cast, but a little less powerful.


Message History

Things that are here:
a +0 dagger; a +0 leather armour You barely miss the orc wizard.
The orc priest shouts!
You hear a shout! x2
An orc priest comes into view. It is wielding a +0 whip.
The orc wizard closely misses you.
You punch the orc wizard! You freeze the orc wizard.
The orc wizard is severely wounded.
The orc wizard misses you.
You barely miss the orc wizard.
The orc wizard is severely wounded.
The orc wizard points at you and mumbles some strange words.
The puff of flame hits you! The fire burns you terribly!
You hit the orc wizard. You freeze the orc wizard.
The orc wizard is almost dead.
The orc wizard mumbles some strange words.
The orc wizard flickers and vanishes for a moment.
You hit the orc wizard. You freeze the orc wizard.
You kill the orc wizard!
Your Transmutations skill increases to level 5!
You have reached level 7!
The orc attacks as you move away! The orc barely misses you.
A shadow imp comes into view.
Your magical contamination has completely faded away.
You hit the orc. You freeze the orc.
You kill the orc!
You punch the iguana!
The iguana seems to slow down.
You freeze the iguana.
You kill the iguana!
Okay, then.
The orc priest invokes the aid of Beogh against you.
Pain shoots through your body!
Things that are here:
a +0 whip; an orc corpse You hit the orc priest.
You freeze the orc priest.
The orc priest is moderately wounded.
The orc priest calls down the wrath of Beogh upon you.
Beogh smites you!
* * * LOW HITPOINT WARNING * * *
The shadow imp hits you.
You die...

.... #..# #..#
#..########### #..#
####............#
#..###............##.#
##.###......####.####..##.#
......o..)..#.......#.###.#
o.......##).#.......#)# #.#
##.#######.5#.......#.###.#
o. #ooY..._.[.#.##..# .
#..#.......#..#[####
##.#.......#..#.....
#.#.......#....####
#.#########.####
#.[.........#######
######.............
############## #


You could see 2 orc priests and a shadow imp.

Vanquished Creatures
  Edmund (D:5)
  A jelly (D:4)
  A hound (D:5)
  2 iguanas
  An orc wizard (D:5)
  10 adders
  An ufetubus (D:4)
  3 worms
  A dart slug (D:2)
  4 orcs
  3 bats
  11 endoplasms
  4 giant cockroaches
  7 goblins
  7 hobgoblins
  10 jackals
  5 quokkas
  4 ball pythons
  A frilled lizard (D:3)
  9 kobolds
  7 rats
93 creatures vanquished.

Notes
Turn   | Place    | Note
-------+----------+-------------------------------------------
     0 | D:1      | junb69 the Octopode Transmuter began the quest for the Orb.
     0 | D:1      | Reached XP level 1. HP: 13/13 MP: 3/3
   182 | D:1      | Reached XP level 2. HP: 18/18 MP: 5/5
   458 | D:1      | Reached XP level 3. HP: 9/23 MP: 4/6
   984 | D:2      | Reached skill level 3 in Transmutations
   986 | D:2      | Reached XP level 4. HP: 20/28 MP: 5/7
   994 | D:2      | Learned a level 4 spell: Ice Form
  1207 | D:2      | Found a hide-covered altar of Uskayaw.
  1235 | D:2      | Reached skill level 1 in Ice Magic
  1879 | D:3      | Reached XP level 5. HP: 22/33 MP: 6/8
  1955 | D:3      | Noticed Sigmund
  2015 | D:3      | Noticed a shadow
  2016 | D:3      | Found a shadowy altar of Dithmenos.
  2019 | D:3      | Found a hazy altar of Hepliaklqana.
  2158 | D:4      | Found a staircase to the Ecumenical Temple.
  2169 | Temple   | Entered the Ecumenical Temple
  2299 | Temple   | Became a worshipper of Ashenzari the Shackled
  2648 | D:5      | Entered Level 5 of the Dungeon
  3124 | D:4      | Gained mutation: Your spells are a little easier to cast,
                  | but a little less powerful. [mutagenic glow]
  3344 | D:4      | Reached XP level 6. HP: 38/38 MP: 4/9
  3819 | D:5      | Found a snail-covered altar of Cheibriados.
  3822 | D:5      | Noticed Edmund
  3841 | D:5      | Killed Edmund
  3842 | D:5      | Reached skill level 4 in Transmutations
  3909 | D:5      | Reached skill level 5 in Transmutations
  3909 | D:5      | Reached XP level 7. HP: 29/43 MP: 2/10
  3916 | D:5      | HP: 2/51 [orc priest/divine providence (16)]
  3916 | D:5      | Slain by a shadow imp

Illustrated notes

Levels and vault maps discovered:
D:1:      amcnicky_arrival_flooded_fountain, layout_loops_ring
D:2:      layout_rooms, basic_altar
D:3:      layout_rooms, riverfiend_overflow_shadow_ancestor, uniq_sigmund
D:4:      layout_loops_corners, minmay_temple_entry_tees
D:5:      layout_loops_ring, lemuel_tele_altar, wad_rectangle_vault,
          uniq_edmund, uniq_crazy_yiuf_cottage
Temple:   nicolae_temple_bog_church

Skill      XL: |  1  2  3  4  5  6 |
---------------+-------------------+-----
Unarmed Combat | 4 |  4.1
Transmutations | 3 5 |  5.2
Ice Magic      | 2 3 4 |  4.0
Fighting       | |  1.0
Dodging        | |  2.0
Spellcasting   | |  2.0

Action                     |  1- 3 |  4- 6 |  7- 9 || total
---------------------------+-------+-------+-------++-------
  Melee: Unarmed           |    69 |   134 |     3 ||   206
         Kick              |    25 |    24 |       ||    49
         Constrict         |    21 |    28 |       ||    49
         Tentacles         |    13 |    24 |       ||    37
         Punch             |     1 |     1 |       ||     2
   Cast: Beastly Appendage |    20 |    24 |       ||    44
         Ice Form          |       |     4 |       ||     4
 Invoke: Curse Item        |       |     1 |       ||     1
  Evoke: Wand              |       |     2 |       ||     2
    Use: Scroll            |       |     3 |       ||     3
   Stab: Sleeping          |     2 |     9 |       ||    11
         Paralysed         |       |     6 |       ||     6
 Armour: Skin              |     5 |     8 |       ||    13
  Dodge: Dodged            |    23 |    74 |     1 ||    98

Table legend: (Time is in decaauts)
 A = Elapsed time spent in this place.
 B = Non-inter-level travel time spent in this place.
 C = Inter-level travel time spent in this place.
 D = Time resting spent in this place.
 E = Time spent auto-exploring this place.
 F = Levels seen in this place.
 G = Mean time per level.
                   A        B        C        D        E       F      G
               +--------+--------+--------+--------+--------+-----+--------+
         Total |   3898 |   3816 |     82 |    326 |   2540 |   6 |  649.7 |
       Dungeon |   3745 |   3695 |     50 |    326 |   2450 |   5 |  749.0 |
        Temple |    153 |    121 |     32 |      0 |     90 |   1 |  153.0 |
               +--------+--------+--------+--------+--------+-----+--------+

Top non-repeatable levels by time:
     D:4: 1261 daAuts
     D:1: 840 daAuts
     D:2: 681 daAuts
     D:3: 603 daAuts
     D:5: 359 daAuts
  Temple: 153 daAuts
